Harfangs vs Ice Dragons
Created - 24 février 2015 at 21:44
Goals
|
Harfangs |
0 |
3 |
5 |
8 |
Ice Dragons |
0 |
2 |
1 |
3 |
|
Shots
|
Harfangs |
7 |
14 |
17 |
38 |
Ice Dragons |
7 |
12 |
13 |
32 |
|
1st period
No Goal
Penalties :
Alexandre Picard (BEA) for Holding (Minor) at 3:11, Danny Syvret (Kin) for Holding (Minor) at 7:43, Roman Wick (BEA) for Tripping (Minor) at 10:19, Kyle Palmieri (BEA) for Interference (Minor) at 19:14
2nd period
1. Harfangs , Roman Wick 6 (Brian Lashoff) at 7:14
2. Harfangs , Stefan Ruzicka 54 (Chris Kreider, Alexandre Picard) at 7:54 (PP)
3. Ice Dragons , John Mitchell 5 (Jonathan Blum, Troy Brouwer) at 18:40
4. Harfangs , Chris Kreider 38 (Stefan Ruzicka, Alexandre Picard) at 18:54
5. Ice Dragons , Jeff Tambellini 39 (Patrick O'Sullivan) at 19:42
Penalties :
Drew Shore (BEA) for High sticking (Minor) at 1:33, Alexandre Picard (BEA) for Hooking (Minor) at 1:51, Danny Syvret (Kin) for High sticking (Minor) at 7:38, Marc-Antoine Pouliot (Kin) for Slashing (Minor) at 8:44, Patrick O'Sullivan (Kin) for Roughing (Minor) at 19:51
3rd period
6. Harfangs , James Wisniewski 8 (Kyle Palmieri, Robin Lehner) at 1:49 (PP)
7. Harfangs , Chris Kreider 39 (Petri Kontiola, Stefan Ruzicka) at 4:36
8. Ice Dragons , Kris Beech 18 (Cal Clutterbuck, Joe Callahan) at 6:24
9. Harfangs , Alexandre Picard 10 (Stefan Ruzicka, Chris Kreider) at 9:14 (PP)
10. Harfangs , Dustin Jeffrey 9 (Michal Repik, Craig Smith) at 10:06
11. Harfangs , Roman Wick 7 (Alexandre Picard, Tomas Tatar) at 11:04
Penalties :
Kris Beech (Kin) for Hooking (Minor) at 9:05
Goalie Stats
Robin Lehner (BEA), 29 saves from 32 shots - (0,906), W, 22-16-5, 60:00 minutes
Todd Ford (Kin), 30 saves from 38 shots - (0,789), L, 5-5-0, 60:00 minutes
Players Stats for Harfangs
Player Name G A P +/- PIM S H SB GA TA FO MP PP MP PK MP
------------------------------------------------------------------------------------
Alex Killorn 0 0 0 -1 0 0 0 1 1 0 3/5 14:35 3:09 0:00
Alexandre Picard 1 3 4 2 4 6 1 3 0 0 0/0 25:06 4:28 2:17
Andrew Orpik 0 0 0 0 0 0 1 2 0 1 0/0 12:46 0:00 1:23
Brett Carson 0 0 0 0 0 0 1 1 1 1 0/0 21:46 1:53 3:11
Brian Lashoff 0 1 1 0 0 0 2 0 0 1 0/0 15:10 0:00 4:33
Chris Kreider 2 2 4 0 0 3 1 1 1 0 0/2 18:26 3:12 0:18
Craig Smith 0 1 1 1 0 2 1 0 0 0 1/2 11:16 0:00 1:01
Drew Shore 0 0 0 2 2 0 0 0 0 1 1/3 10:50 0:00 2:13
Dustin Jeffrey 1 0 1 1 0 2 2 0 0 0 1/1 14:41 0:00 4:02
James Wisniewski 1 0 1 2 0 7 3 2 1 1 0/0 27:51 4:28 5:03
Kyle Palmieri 0 1 1 -1 2 2 2 0 2 0 0/0 14:34 3:09 0:00
Michal Repik 0 1 1 1 0 0 0 0 0 0 0/0 9:52 0:00 0:00
Peter Olvecky 0 0 0 -1 0 2 1 0 0 0 0/0 17:05 3:09 2:03
Petri Kontiola 0 1 1 0 0 0 2 0 0 0 21/40 23:28 3:12 5:10
Roman Wick 2 0 2 2 2 3 1 0 0 0 0/0 8:35 0:00 0:00
Stefan Ruzicka 1 3 4 0 0 9 1 0 2 0 3/4 18:06 3:12 0:00
Tomas Tatar 0 1 1 2 0 1 1 0 0 0 0/0 7:45 0:00 0:00
Victor Bartley 0 0 0 0 0 1 2 0 0 0 0/0 18:08 1:53 0:00
Players Stats for Ice Dragons
Player Name G A P +/- PIM S H SB GA TA FO MP PP MP PK MP
------------------------------------------------------------------------------------
Alexander Radulov 0 0 0 -2 0 2 3 0 1 2 0/0 20:33 4:45 0:00
Bryan Bickell 0 0 0 1 0 0 2 0 0 0 0/0 8:17 0:00 0:47
Cal Clutterbuck 0 1 1 1 0 1 2 0 0 1 0/0 17:13 3:29 1:42
Danny Syvret 0 0 0 -2 4 0 4 0 0 1 0/0 21:26 3:40 1:28
Jeff Tambellini 1 0 1 -2 0 6 2 0 1 1 0/2 22:16 4:45 1:42
Joe Callahan 0 1 1 -1 0 4 2 2 0 0 0/0 27:47 4:34 4:02
John Mitchell 1 0 1 1 0 2 0 0 1 0 3/3 8:17 0:00 0:47
Jonathan Blum 0 1 1 1 0 0 0 0 0 0 0/0 15:16 3:40 0:51
Kevin Klein 0 0 0 -1 0 2 1 0 1 1 0/0 27:47 4:34 4:02
Kris Beech 1 0 1 1 2 2 3 1 0 0 2/7 15:29 3:29 0:00
Marc-Antoine Pouliot 0 0 0 -2 2 1 1 0 0 0 0/0 10:13 0:00 0:00
Mats Zuccarello 0 0 0 -2 0 2 1 0 0 0 0/1 13:57 0:00 3:52
Nigel Dawes 0 0 0 1 0 1 2 0 1 0 0/0 15:30 3:29 0:00
Patrick O'Sullivan 0 1 1 -2 2 3 0 0 0 0 18/36 20:32 4:45 0:00
Samuel Groulx 0 0 0 1 0 0 1 0 0 1 0/0 9:25 0:00 0:00
Shean Donovan 0 0 0 -2 0 1 3 0 0 0 4/8 13:57 0:00 3:52
Troy Brouwer 0 1 1 1 0 2 0 0 0 0 0/0 7:21 0:00 0:00
Tyler Eckford 0 0 0 -2 0 3 0 2 0 1 0/0 18:18 0:00 2:19
3 Stars
1 - Chris Kreider (BEA)
2 - Stefan Ruzicka (BEA)
3 - Alexandre Picard (BEA)
Power Play
Harfangs - 3 on 5 Attempt(s) - 60,00%
Ice Dragons - 0 on 5 Attempt(s) - 0,00%
Penalty Kill
Harfangs - 5 on 5 Attempt(s) - 100,00%
- Score 0 goal in Penalty Kill
Ice Dragons - 2 on 5 Attempt(s) - 40,00%
- Score 0 goal in Penalty Kill
Team Stat
Harfangs - Hits : 22 - Faceoff Wins : 30 - Blocked Shots : 10 - Penalty Minutes : 10
Ice Dragons - Hits : 27 - Faceoff Wins : 27 - Blocked Shots : 5 - Penalty Minutes : 10
Official
Referees : Hebert Ghislain and Rooney Chris
Linesman : Darren Gibbs and Ryan Galloway
Game Notes
10:06 of 3rd period - Harfangs goal is going for a video replay. After video review, Goal.
Finance
Level 1 -- Attendance: 1402 (70,10%) -- Ticket Income 49 070 $
Level 2 -- Attendance: 735 (73,50%) -- Ticket Income 11 025 $
Total Attendance: 2137 (71,23%)
Total Ticket Income: 60 095 $
Other Income: 3 005 $
Total Income: 63 100 $
Harfangs
5 vs 5 Forward
Center Left Wing Right Wing Time % Phy DF OF
1 Petri Kontiola Chris Kreider Stefan Ruzicka 40 1 2 2
2 Alex Killorn Peter Olvecky Kyle Palmieri 30 1 2 2
3 Craig Smith Dustin Jeffrey Michal Repik 20 1 2 2
4 Drew Shore Tomas Tatar Roman Wick 10 1 2 2
5 vs 5 Defense
Defense Defense Time % Phy DF OF
1 Alexandre Picard James Wisniewski 40 1 2 2
2 Brett Carson Victor Bartley 30 1 2 2
3 Andrew Orpik Brian Lashoff 20 1 2 2
4 Alexandre Picard James Wisniewski 10 1 2 2
PowerPlay Forward
Center Left Wing Right Wing Time % Phy DF OF
1 Petri Kontiola Chris Kreider Stefan Ruzicka 60 1 2 2
2 Alex Killorn Peter Olvecky Kyle Palmieri 40 1 2 2
PowerPlay Defense
Defense Defense Time % Phy DF OF
1 Alexandre Picard James Wisniewski 60 1 2 2
2 Brett Carson Victor Bartley 40 1 2 2
Penalty Kill 4 Players Forward
Center Wing Time % Phy DF OF
1 Petri Kontiola Dustin Jeffrey 60 1 2 2
2 Drew Shore Peter Olvecky 40 1 2 2
Penalty Kill 4 Players Defense
Defense Defense Time % Phy DF OF
1 James Wisniewski Alexandre Picard 60 1 2 2
2 Brett Carson Brian Lashoff 40 1 2 2
Penalty Kill - 3 Players Forward
Forward Time % Phy DF OF
1 Petri Kontiola 60 1 2 2
2 Drew Shore 40 1 2 2
Penalty Kill - 3 Players Defense
Defense Defense Time % Phy DF OF
1 James Wisniewski Alexandre Picard 60 1 2 2
2 Brett Carson Brian Lashoff 40 1 2 2
4 vs 4 Forward
Center Wing Time % Phy DF OF
1 Stefan Ruzicka Chris Kreider 60 1 2 2
2 Petri Kontiola Alex Killorn 40 1 2 2
4 vs 4 Defense
Defense Defense Time % Phy DF OF
1 Alexandre Picard James Wisniewski 60 1 2 2
2 Victor Bartley Brett Carson 40 1 2 2
Last Minutes Offensive
Center Left Wing Right Wing Defense Defense
Petri Kontiola Chris Kreider Stefan Ruzicka Alexandre Picard James Wisniewski
Last Minutes Defensive
Center Left Wing Right Wing Defense Defense
Petri Kontiola Chris Kreider Stefan Ruzicka James Wisniewski Alexandre Picard
Goaltenders
Starting : Robin Lehner
Backup : Peter Budaj
Extra Forwards
Normal : Stefan Ruzicka, Chris Kreider, Petri Kontiola - PP : Stefan Ruzicka, Petri Kontiola - PK : Petri Kontiola
Extra Defensemen
Normal : Brian Lashoff, James Wisniewski, Alexandre Picard - PP : Victor Bartley - PK : Brian Lashoff, Alexandre Picard
Penalty Shots
Petri Kontiola, Craig Smith, Stefan Ruzicka, James Wisniewski, Tomas Tatar
Ice Dragons
5 vs 5 Forward
Center Left Wing Right Wing Time % Phy DF OF
1 Patrick O'Sullivan Jeff Tambellini Alexander Radulov 40 0 2 3
2 Kris Beech Nigel Dawes Cal Clutterbuck 30 0 2 3
3 Marc-Antoine Pouliot Mats Zuccarello Shean Donovan 20 0 2 3
4 John Mitchell Troy Brouwer Bryan Bickell 10 1 3 1
5 vs 5 Defense
Defense Defense Time % Phy DF OF
1 Joe Callahan Kevin Klein 40 1 2 2
2 Danny Syvret Tyler Eckford 30 1 2 2
3 Jonathan Blum Samuel Groulx 20 0 3 2
4 Danny Syvret Tyler Eckford 10 1 3 1
PowerPlay Forward
Center Left Wing Right Wing Time % Phy DF OF
1 Patrick O'Sullivan Jeff Tambellini Alexander Radulov 60 0 2 3
2 Kris Beech Nigel Dawes Cal Clutterbuck 40 0 2 3
PowerPlay Defense
Defense Defense Time % Phy DF OF
1 Joe Callahan Kevin Klein 60 0 2 3
2 Danny Syvret Jonathan Blum 40 0 2 3
Penalty Kill 4 Players Forward
Center Wing Time % Phy DF OF
1 Shean Donovan Mats Zuccarello 60 1 4 0
2 Jeff Tambellini Cal Clutterbuck 40 1 4 0
Penalty Kill 4 Players Defense
Defense Defense Time % Phy DF OF
1 Joe Callahan Kevin Klein 60 1 4 0
2 Danny Syvret Tyler Eckford 40 1 4 0
Penalty Kill - 3 Players Forward
Forward Time % Phy DF OF
1 Shean Donovan 60 1 4 0
2 Cal Clutterbuck 40 1 4 0
Penalty Kill - 3 Players Defense
Defense Defense Time % Phy DF OF
1 Joe Callahan Kevin Klein 60 0 5 0
2 Danny Syvret Tyler Eckford 40 0 5 0
4 vs 4 Forward
Center Wing Time % Phy DF OF
1 Kris Beech Mats Zuccarello 60 1 2 2
2 John Mitchell Troy Brouwer 40 1 2 2
4 vs 4 Defense
Defense Defense Time % Phy DF OF
1 Joe Callahan Kevin Klein 60 1 2 2
2 Danny Syvret Jonathan Blum 40 0 3 2
Last Minutes Offensive
Center Left Wing Right Wing Defense Defense
Patrick O'Sullivan Jeff Tambellini Alexander Radulov Joe Callahan Kevin Klein
Last Minutes Defensive
Center Left Wing Right Wing Defense Defense
Kris Beech Jeff Tambellini Shean Donovan Joe Callahan Kevin Klein
Goaltenders
Starting : Todd Ford
Backup : Justin Pogge
Extra Forwards
Normal : Kris Beech, Cal Clutterbuck, Troy Brouwer - PP : Kris Beech, Cal Clutterbuck - PK : Mats Zuccarello
Extra Defensemen
Normal : Jonathan Blum, Tyler Eckford, Danny Syvret - PP : Jonathan Blum - PK : Jonathan Blum, Tyler Eckford
Penalty Shots
Nigel Dawes, Jeff Tambellini, Mats Zuccarello, Alexander Radulov, Troy Brouwer
% Time on Ice - Harfangs
Lines # - Real PCT - Wanted PCT - Time Play
Normal Forward
1 - 34% - 40% - 15:29
2 - 27% - 30% - 12:19
3 - 22% - 20% - 9:52
4 - 17% - 10% - 7:45
Normal Defense
1 - 40% - 40% - 18:06
2 - 36% - 30% - 16:29
3 - 23% - 20% - 10:23
4 - 1% - 10% - 0:27
PP Forward
1 - 50% - 60% - 3:12
2 - 50% - 40% - 3:09
PP Defense
1 - 70% - 60% - 4:28
2 - 30% - 40% - 1:53
PK Forward
1 - 66% - 60% - 4:20
2 - 34% - 40% - 2:13
PK Defense
1 - 61% - 60% - 3:58
2 - 39% - 40% - 2:35
PK3 Forward
1 - 78% - 60% - 1:19
2 - 22% - 40% - 0:22
PK3 Defense
1 - 100% - 60% - 1:41
2 - 0% - 40% - 0:00
44 Forward
1 - 0% - 60%
2 - 0% - 40%
44 Defense
1 - 0% - 60%
2 - 0% - 40%
Last Minute Offensive - 0:00
Last Minute Defensive - 0:00
Total
Forward - 60:00
Defense - 60:00
|
% Time on Ice - Ice Dragons
Lines # - Real PCT - Wanted PCT - Time Play
Normal Forward
1 - 35% - 40% - 15:57
2 - 26% - 30% - 12:02
3 - 22% - 20% - 10:05
4 - 16% - 10% - 7:21
Normal Defense
1 - 42% - 40% - 19:11
2 - 31% - 30% - 14:04
3 - 21% - 20% - 9:25
4 - 6% - 10% - 2:45
PP Forward
1 - 58% - 60% - 4:45
2 - 42% - 40% - 3:29
PP Defense
1 - 55% - 60% - 4:34
2 - 45% - 40% - 3:40
PK Forward
1 - 73% - 60% - 4:39
2 - 27% - 40% - 1:42
PK Defense
1 - 64% - 60% - 4:02
2 - 36% - 40% - 2:19
PK3 Forward
1 - 0% - 60%
2 - 0% - 40%
PK3 Defense
1 - 0% - 60%
2 - 0% - 40%
44 Forward
1 - 0% - 60%
2 - 0% - 40%
44 Defense
1 - 0% - 60%
2 - 0% - 40%
Last Minute Offensive - 0:00
Last Minute Defensive - 0:00
Total
Forward - 60:00
Defense - 60:00
|
Play by Play
1st period
0:01 of 1st period - Patrick O'Sullivan wins face-off versus Petri Kontiola in neutral zone.
0:08 of 1st period - James Wisniewski is hit by Alexander Radulov and loses puck.
1:03 of 1st period - Victor Bartley is hit by Shean Donovan and loses puck.
1:16 of 1st period - Snap shot by John Mitchell.
1:16 of 1st period - Stopped by Robin Lehner with a rebound.
1:18 of 1st period - Slapshot by Tyler Eckford.
1:18 of 1st period - Deflect By Victor Bartley.
1:18 of 1st period - Stopped by Robin Lehner with a rebound.
1:22 of 1st period - Wrist shot by Troy Brouwer.
1:22 of 1st period - Shot Misses the Net.
1:38 of 1st period - Slapshot by Stefan Ruzicka.
1:38 of 1st period - Stopped by Todd Ford with a rebound.
2:42 of 1st period - Snap shot by Troy Brouwer.
2:42 of 1st period - Shot Blocked by Alexandre Picard.
2:44 of 1st period - Snap shot by Bryan Bickell.
2:44 of 1st period - Deflect By Troy Brouwer.
2:44 of 1st period - Shot Misses the Net.
2:44 of 1st period - Puck is out of play.
2:45 of 1st period - Patrick O'Sullivan wins face-off versus Petri Kontiola in Harfangs zone.
2:50 of 1st period - Wrist shot by Patrick O'Sullivan.
2:50 of 1st period - Stopped by Robin Lehner with a rebound.
3:11 of 1st period - Minor Penalty to Alexandre Picard for Holding.
3:12 of 1st period - Petri Kontiola wins face-off versus Patrick O'Sullivan in Harfangs zone.
4:46 of 1st period - Craig Smith is hit by Nigel Dawes and loses puck.
5:05 of 1st period - Danny Syvret is hit by Andrew Orpik and loses puck.
5:11 of 1st period - Penalty to Alexandre Picard is over, Alexandre Picard is back on ice.
5:27 of 1st period - Icing by Marc-Antoine Pouliot.
5:28 of 1st period - John Mitchell wins face-off versus Chris Kreider in Ice Dragons zone.
5:56 of 1st period - Shean Donovan is hit by James Wisniewski and loses puck.
6:15 of 1st period - Slapshot by James Wisniewski.
6:15 of 1st period - Stopped by Todd Ford with a rebound.
6:17 of 1st period - Snap shot by James Wisniewski.
6:17 of 1st period - Deflect By Cal Clutterbuck.
6:17 of 1st period - Stopped by Todd Ford with a rebound.
6:19 of 1st period - Slapshot by Alexandre Picard.
6:19 of 1st period - Stopped by Todd Ford with a rebound.
6:21 of 1st period - Slapshot by James Wisniewski.
6:21 of 1st period - Stopped by Todd Ford without a rebound.
6:22 of 1st period - Patrick O'Sullivan wins face-off versus Petri Kontiola in Ice Dragons zone.
7:43 of 1st period - Minor Penalty to Danny Syvret for Holding.
7:44 of 1st period - Petri Kontiola wins face-off versus Shean Donovan in Ice Dragons zone.
7:51 of 1st period - Backhand shot by Stefan Ruzicka.
7:51 of 1st period - Stopped by Todd Ford without a rebound.
7:52 of 1st period - Petri Kontiola wins face-off versus Shean Donovan in Ice Dragons zone.
7:53 of 1st period - Slapshot by Stefan Ruzicka.
7:53 of 1st period - Shot Misses the Net.
9:20 of 1st period - Joe Callahan is hit by Alexandre Picard and loses puck.
9:43 of 1st period - Penalty to Danny Syvret is over, Danny Syvret is back on ice.
10:12 of 1st period - Wrist shot by Troy Brouwer.
10:12 of 1st period - Stopped by Robin Lehner without a rebound.
10:13 of 1st period - John Mitchell wins face-off versus Drew Shore in Harfangs zone.
10:19 of 1st period - Minor Penalty to Roman Wick for Tripping.
10:20 of 1st period - Petri Kontiola wins face-off versus Patrick O'Sullivan in Harfangs zone.
10:53 of 1st period - Backhand shot by Kris Beech.
10:53 of 1st period - Shot Misses the Net.
11:10 of 1st period - Icing by Patrick O'Sullivan.
11:11 of 1st period - Petri Kontiola wins face-off versus Patrick O'Sullivan in Ice Dragons zone.
11:48 of 1st period - Petri Kontiola is hit by Cal Clutterbuck and loses puck.
12:03 of 1st period - Wrist shot by Nigel Dawes.
12:03 of 1st period - Stopped by Robin Lehner without a rebound.
12:04 of 1st period - Drew Shore wins face-off versus Patrick O'Sullivan in Harfangs zone.
12:04 of 1st period - Drew Shore is hit by Alexander Radulov.
12:16 of 1st period - Alexandre Picard is hit by Joe Callahan and loses puck.
12:19 of 1st period - Penalty to Roman Wick is over, Roman Wick is back on ice.
12:59 of 1st period - Wrist shot by Mats Zuccarello.
12:59 of 1st period - Shot Misses the Net.
13:01 of 1st period - Snap shot by Marc-Antoine Pouliot.
13:01 of 1st period - Stopped by Robin Lehner with a rebound.
13:03 of 1st period - Wrist shot by Shean Donovan.
13:03 of 1st period - Shot Blocked by Brett Carson.
13:37 of 1st period - Wrist shot by James Wisniewski.
13:37 of 1st period - Stopped by Todd Ford with a rebound.
14:09 of 1st period - Snap shot by Chris Kreider.
14:09 of 1st period - Shot Misses the Net.
15:34 of 1st period - Kris Beech is hit by Dustin Jeffrey.
15:44 of 1st period - Troy Brouwer is hit by James Wisniewski and loses puck.
15:55 of 1st period - Tomas Tatar is hit by Cal Clutterbuck and loses puck.
16:10 of 1st period - Brian Lashoff is hit by Shean Donovan.
16:36 of 1st period - John Mitchell is hit by Victor Bartley and loses puck.
17:51 of 1st period - Brett Carson is hit by Kris Beech.
18:06 of 1st period - John Mitchell is hit by James Wisniewski.
18:46 of 1st period - Mats Zuccarello is hit by Kyle Palmieri and loses puck.
19:14 of 1st period - Minor Penalty to Kyle Palmieri for Interference.
19:15 of 1st period - Petri Kontiola wins face-off versus Patrick O'Sullivan in Harfangs zone.
19:42 of 1st period - Slapshot by Kris Beech.
19:42 of 1st period - Stopped by Robin Lehner with a rebound.
Goals for this period are 0 for Harfangs vs 0 for Ice Dragons.
Shots for this period are 7 for Harfangs vs 7 for Ice Dragons.
2nd period
0:01 of 2nd period - Patrick O'Sullivan wins face-off versus Petri Kontiola in neutral zone.
1:14 of 2nd period - Penalty to Kyle Palmieri is over, Kyle Palmieri is back on ice.
1:19 of 2nd period - Jonathan Blum is hit by Kyle Palmieri and loses puck.
1:24 of 2nd period - Snap shot by Kyle Palmieri.
1:24 of 2nd period - Stopped by Todd Ford with a rebound.
1:33 of 2nd period - Minor Penalty to Drew Shore for High sticking.
1:34 of 2nd period - Patrick O'Sullivan wins face-off versus Petri Kontiola in Harfangs zone.
1:34 of 2nd period - Wrist shot by Alexander Radulov.
1:34 of 2nd period - Shot Misses the Net.
1:38 of 2nd period - Wrist shot by Patrick O'Sullivan.
1:38 of 2nd period - Shot Blocked by James Wisniewski.
1:40 of 2nd period - Wrist shot by Jeff Tambellini.
1:40 of 2nd period - Deflect By Alexander Radulov.
1:40 of 2nd period - Shot Blocked by Alexandre Picard.
1:40 of 2nd period - Puck is out of play.
1:41 of 2nd period - Petri Kontiola wins face-off versus Patrick O'Sullivan in Harfangs zone.
1:51 of 2nd period - Minor Penalty to Alexandre Picard for Hooking.
1:52 of 2nd period - Petri Kontiola wins face-off versus Patrick O'Sullivan in Harfangs zone.
2:05 of 2nd period - Snap shot by Jeff Tambellini.
2:05 of 2nd period - Stopped by Robin Lehner with a rebound.
2:07 of 2nd period - Slapshot by Joe Callahan.
2:07 of 2nd period - Stopped by Robin Lehner with a rebound.
2:21 of 2nd period - Slapshot by Joe Callahan.
2:21 of 2nd period - Stopped by Robin Lehner without a rebound.
2:22 of 2nd period - Patrick O'Sullivan wins face-off versus Petri Kontiola in Harfangs zone.
2:34 of 2nd period - Off-side.
2:35 of 2nd period - Petri Kontiola wins face-off versus Patrick O'Sullivan in neutral zone.
3:01 of 2nd period - Cal Clutterbuck is hit by Brian Lashoff and loses puck.
3:33 of 2nd period - Penalty to Drew Shore is over, Drew Shore is back on ice.
3:42 of 2nd period - Backhand shot by Craig Smith.
3:42 of 2nd period - Stopped by Todd Ford without a rebound.
3:43 of 2nd period - Dustin Jeffrey wins face-off versus Patrick O'Sullivan in Ice Dragons zone.
3:51 of 2nd period - Penalty to Alexandre Picard is over, Alexandre Picard is back on ice.
4:04 of 2nd period - Wrist shot by Dustin Jeffrey.
4:04 of 2nd period - Stopped by Todd Ford with a rebound.
4:06 of 2nd period - Slapshot by Andrew Orpik.
4:06 of 2nd period - Shot Misses the Net.
4:08 of 2nd period - Snap shot by Alexandre Picard.
4:08 of 2nd period - Shot Blocked by Joe Callahan.
4:10 of 2nd period - Snap shot by Alexandre Picard.
4:10 of 2nd period - Stopped by Todd Ford with a rebound.
4:35 of 2nd period - Slapshot by Alexandre Picard.
4:35 of 2nd period - Shot Blocked by Kris Beech.
4:37 of 2nd period - Slapshot by Alexandre Picard.
4:37 of 2nd period - Stopped by Todd Ford without a rebound.
4:38 of 2nd period - Patrick O'Sullivan wins face-off versus Alex Killorn in Ice Dragons zone.
5:05 of 2nd period - Shean Donovan is hit by Victor Bartley and loses puck.
5:16 of 2nd period - Wrist shot by Roman Wick.
5:16 of 2nd period - Shot Misses the Net.
6:18 of 2nd period - Tomas Tatar is hit by Kris Beech and loses puck.
6:50 of 2nd period - Joe Callahan is hit by Brian Lashoff and loses puck.
7:14 of 2nd period - Wrist shot by Roman Wick.
7:14 of 2nd period - Goal by Roman Wick - Harfangs : 1 - Ice Dragons : 0.
7:15 of 2nd period - Kris Beech wins face-off versus Petri Kontiola in neutral zone.
7:38 of 2nd period - Minor Penalty to Danny Syvret for High sticking.
7:39 of 2nd period - Shean Donovan wins face-off versus Petri Kontiola in Ice Dragons zone.
7:52 of 2nd period - Wrist shot by Chris Kreider.
7:52 of 2nd period - Shot Misses the Net.
7:54 of 2nd period - Snap shot by Stefan Ruzicka.
7:54 of 2nd period - Goal by Stefan Ruzicka - Harfangs : 2 - Ice Dragons : 0.
7:55 of 2nd period - Patrick O'Sullivan wins face-off versus Petri Kontiola in neutral zone.
8:44 of 2nd period - Minor Penalty to Marc-Antoine Pouliot for Slashing.
8:45 of 2nd period - Shean Donovan wins face-off versus Stefan Ruzicka in Ice Dragons zone.
8:51 of 2nd period - Shean Donovan is hit by Brett Carson and loses puck.
9:11 of 2nd period - Icing by Brett Carson.
9:12 of 2nd period - Shean Donovan wins face-off versus Alex Killorn in Harfangs zone.
9:31 of 2nd period - Snap shot by Stefan Ruzicka.
9:31 of 2nd period - Stopped by Todd Ford with a rebound.
9:33 of 2nd period - Snap shot by Brett Carson.
9:33 of 2nd period - Shot Misses the Net.
9:35 of 2nd period - Slapshot by Chris Kreider.
9:35 of 2nd period - Stopped by Todd Ford with a rebound.
9:53 of 2nd period - Wrist shot by Peter Olvecky.
9:53 of 2nd period - Shot Blocked by Tyler Eckford.
10:44 of 2nd period - Penalty to Marc-Antoine Pouliot is over, Marc-Antoine Pouliot is back on ice.
13:43 of 2nd period - Danny Syvret is hit by Stefan Ruzicka and loses puck.
14:00 of 2nd period - Wrist shot by Shean Donovan.
14:00 of 2nd period - Shot Misses the Net.
14:02 of 2nd period - Wrist shot by Marc-Antoine Pouliot.
14:02 of 2nd period - Shot Blocked by Andrew Orpik.
14:04 of 2nd period - Snap shot by Shean Donovan.
14:04 of 2nd period - Stopped by Robin Lehner without a rebound.
14:05 of 2nd period - John Mitchell wins face-off versus Petri Kontiola in Harfangs zone.
14:12 of 2nd period - Wrist shot by Troy Brouwer.
14:12 of 2nd period - Shot Misses the Net.
14:24 of 2nd period - Petri Kontiola is hit by Bryan Bickell and loses puck.
15:06 of 2nd period - Wrist shot by Roman Wick.
15:06 of 2nd period - Stopped by Todd Ford with a rebound.
16:00 of 2nd period - Wrist shot by Troy Brouwer.
16:00 of 2nd period - Shot Blocked by Alex Killorn.
16:16 of 2nd period - Wrist shot by Jeff Tambellini.
16:16 of 2nd period - Stopped by Robin Lehner with a rebound.
16:18 of 2nd period - Snap shot by Jeff Tambellini.
16:18 of 2nd period - Shot Blocked by Andrew Orpik.
16:20 of 2nd period - Slapshot by Joe Callahan.
16:20 of 2nd period - Stopped by Robin Lehner without a rebound.
16:21 of 2nd period - Patrick O'Sullivan wins face-off versus Drew Shore in Harfangs zone.
16:30 of 2nd period - Slapshot by James Wisniewski.
16:30 of 2nd period - Stopped by Todd Ford without a rebound.
16:31 of 2nd period - Patrick O'Sullivan wins face-off versus Petri Kontiola in Ice Dragons zone.
16:31 of 2nd period - Patrick O'Sullivan is hit by Chris Kreider.
16:38 of 2nd period - Off-side.
16:39 of 2nd period - Patrick O'Sullivan wins face-off versus Petri Kontiola in neutral zone.
16:42 of 2nd period - Wrist shot by Jeff Tambellini.
16:42 of 2nd period - Stopped by Robin Lehner with a rebound.
16:44 of 2nd period - Wrist shot by Patrick O'Sullivan.
16:44 of 2nd period - Shot Blocked by Alexandre Picard.
16:46 of 2nd period - Wrist shot by Alexander Radulov.
16:46 of 2nd period - Shot Misses the Net.
16:48 of 2nd period - Backhand shot by Alexander Radulov.
16:48 of 2nd period - Shot Misses the Net.
17:16 of 2nd period - Icing by Alexandre Picard.
17:17 of 2nd period - Craig Smith wins face-off versus Patrick O'Sullivan in Harfangs zone.
17:17 of 2nd period - Craig Smith is hit by Joe Callahan.
17:30 of 2nd period - Wrist shot by Alexander Radulov.
17:30 of 2nd period - Deflect By Jeff Tambellini.
17:30 of 2nd period - Stopped by Robin Lehner without a rebound.
17:31 of 2nd period - Petri Kontiola wins face-off versus Kris Beech in Harfangs zone.
17:56 of 2nd period - Alex Killorn is hit by Jeff Tambellini and loses puck.
18:21 of 2nd period - Brett Carson is hit by Danny Syvret and loses puck.
18:36 of 2nd period - Wrist shot by John Mitchell.
18:36 of 2nd period - Shot Misses the Net.
18:38 of 2nd period - Slapshot by Jonathan Blum.
18:38 of 2nd period - Shot Misses the Net.
18:40 of 2nd period - Wrist shot by John Mitchell.
18:40 of 2nd period - Goal by John Mitchell - Harfangs : 2 - Ice Dragons : 1.
18:41 of 2nd period - Patrick O'Sullivan wins face-off versus Petri Kontiola in neutral zone.
18:52 of 2nd period - Snap shot by Stefan Ruzicka.
18:52 of 2nd period - Stopped by Todd Ford with a rebound.
18:54 of 2nd period - Slapshot by Chris Kreider.
18:54 of 2nd period - Goal by Chris Kreider - Harfangs : 3 - Ice Dragons : 1.
18:55 of 2nd period - Petri Kontiola wins face-off versus Patrick O'Sullivan in neutral zone.
19:08 of 2nd period - Wrist shot by Stefan Ruzicka.
19:08 of 2nd period - Stopped by Todd Ford with a rebound.
19:20 of 2nd period - Joe Callahan is hit by Craig Smith.
19:24 of 2nd period - Snap shot by Patrick O'Sullivan.
19:24 of 2nd period - Stopped by Robin Lehner without a rebound.
19:25 of 2nd period - Kris Beech wins face-off versus Craig Smith in Harfangs zone.
19:28 of 2nd period - Backhand shot by Cal Clutterbuck.
19:28 of 2nd period - Deflect By Michal Repik.
19:28 of 2nd period - Shot Misses the Net.
19:28 of 2nd period - Puck is out of play.
19:29 of 2nd period - Petri Kontiola wins face-off versus Kris Beech in Harfangs zone.
19:38 of 2nd period - Wrist shot by Nigel Dawes.
19:38 of 2nd period - Shot Misses the Net.
19:40 of 2nd period - Snap shot by Cal Clutterbuck.
19:40 of 2nd period - Stopped by Robin Lehner without a rebound.
19:41 of 2nd period - Patrick O'Sullivan wins face-off versus Petri Kontiola in Harfangs zone.
19:42 of 2nd period - Slapshot by Jeff Tambellini.
19:42 of 2nd period - Goal by Jeff Tambellini - Harfangs : 3 - Ice Dragons : 2.
19:43 of 2nd period - Petri Kontiola wins face-off versus Patrick O'Sullivan in neutral zone.
19:51 of 2nd period - Minor Penalty to Patrick O'Sullivan for Roughing.
19:52 of 2nd period - Shean Donovan wins face-off versus Petri Kontiola in Ice Dragons zone.
Goals for this period are 3 for Harfangs vs 2 for Ice Dragons.
Shots for this period are 14 for Harfangs vs 12 for Ice Dragons.
3rd period
0:01 of 3rd period - Petri Kontiola wins face-off versus Shean Donovan in neutral zone.
0:04 of 3rd period - Slapshot by Alexandre Picard.
0:04 of 3rd period - Stopped by Todd Ford without a rebound.
0:05 of 3rd period - Petri Kontiola wins face-off versus Mats Zuccarello in Ice Dragons zone.
0:16 of 3rd period - Wrist shot by Stefan Ruzicka.
0:16 of 3rd period - Shot Misses the Net.
0:56 of 3rd period - Wrist shot by Peter Olvecky.
0:56 of 3rd period - Shot Blocked by Joe Callahan.
1:08 of 3rd period - Slapshot by Peter Olvecky.
1:08 of 3rd period - Stopped by Todd Ford with a rebound.
1:35 of 3rd period - Snap shot by Kyle Palmieri.
1:35 of 3rd period - Shot Misses the Net.
1:49 of 3rd period - Backhand shot by James Wisniewski.
1:49 of 3rd period - Goal by James Wisniewski - Harfangs : 4 - Ice Dragons : 2.
1:50 of 3rd period - Petri Kontiola wins face-off versus Jeff Tambellini in neutral zone.
2:24 of 3rd period - Wrist shot by Dustin Jeffrey.
2:24 of 3rd period - Shot Misses the Net.
2:40 of 3rd period - Snap shot by Mats Zuccarello.
2:40 of 3rd period - Stopped by Robin Lehner without a rebound.
2:41 of 3rd period - Patrick O'Sullivan wins face-off versus Chris Kreider in Harfangs zone.
3:06 of 3rd period - Cal Clutterbuck is hit by Roman Wick and loses puck.
3:56 of 3rd period - Slapshot by Tyler Eckford.
3:56 of 3rd period - Stopped by Robin Lehner with a rebound.
3:58 of 3rd period - Snap shot by Tyler Eckford.
3:58 of 3rd period - Stopped by Robin Lehner without a rebound.
3:59 of 3rd period - Patrick O'Sullivan wins face-off versus Petri Kontiola in Harfangs zone.
4:30 of 3rd period - Wrist shot by Stefan Ruzicka.
4:30 of 3rd period - Stopped by Todd Ford with a rebound.
4:32 of 3rd period - Slapshot by Chris Kreider.
4:32 of 3rd period - Shot Misses the Net.
4:34 of 3rd period - Wrist shot by Petri Kontiola.
4:34 of 3rd period - Shot Misses the Net.
4:36 of 3rd period - Slapshot by Chris Kreider.
4:36 of 3rd period - Goal by Chris Kreider - Harfangs : 5 - Ice Dragons : 2.
4:37 of 3rd period - Alex Killorn wins face-off versus Kris Beech in neutral zone.
4:46 of 3rd period - Wrist shot by Cal Clutterbuck.
4:46 of 3rd period - Shot Blocked by James Wisniewski.
4:48 of 3rd period - Slapshot by Joe Callahan.
4:48 of 3rd period - Stopped by Robin Lehner with a rebound.
5:24 of 3rd period - Michal Repik is hit by Shean Donovan and loses puck.
5:30 of 3rd period - Brett Carson is hit by Danny Syvret and loses puck.
5:33 of 3rd period - Slapshot by Victor Bartley.
5:33 of 3rd period - Stopped by Todd Ford with a rebound.
5:49 of 3rd period - Snap shot by Troy Brouwer.
5:49 of 3rd period - Stopped by Robin Lehner without a rebound.
5:50 of 3rd period - Petri Kontiola wins face-off versus Jeff Tambellini in Harfangs zone.
6:24 of 3rd period - Snap shot by Kris Beech.
6:24 of 3rd period - Goal by Kris Beech - Harfangs : 5 - Ice Dragons : 3.
6:25 of 3rd period - Petri Kontiola wins face-off versus Patrick O'Sullivan in neutral zone.
6:33 of 3rd period - Wrist shot by Kevin Klein.
6:33 of 3rd period - Stopped by Robin Lehner with a rebound.
6:35 of 3rd period - Wrist shot by Kevin Klein.
6:35 of 3rd period - Stopped by Robin Lehner without a rebound.
6:36 of 3rd period - Petri Kontiola wins face-off versus Patrick O'Sullivan in Harfangs zone.
6:36 of 3rd period - Petri Kontiola is hit by Alexander Radulov.
7:07 of 3rd period - Wrist shot by Alex Killorn.
7:07 of 3rd period - Shot Misses the Net.
7:13 of 3rd period - Joe Callahan is hit by Peter Olvecky and loses puck.
7:36 of 3rd period - Slapshot by Mats Zuccarello.
7:36 of 3rd period - Stopped by Robin Lehner without a rebound.
7:37 of 3rd period - Stefan Ruzicka wins face-off versus Patrick O'Sullivan in Harfangs zone.
7:42 of 3rd period - Snap shot by Jeff Tambellini.
7:42 of 3rd period - Deflect By Patrick O'Sullivan.
7:42 of 3rd period - Stopped by Robin Lehner with a rebound.
7:46 of 3rd period - Slapshot by Jeff Tambellini.
7:46 of 3rd period - Stopped by Robin Lehner without a rebound.
7:47 of 3rd period - Patrick O'Sullivan wins face-off versus Petri Kontiola in Harfangs zone.
7:56 of 3rd period - Snap shot by Patrick O'Sullivan.
7:56 of 3rd period - Shot Misses the Net.
7:58 of 3rd period - Wrist shot by Alexander Radulov.
7:58 of 3rd period - Stopped by Robin Lehner with a rebound.
8:00 of 3rd period - Snap shot by Danny Syvret.
8:00 of 3rd period - Shot Blocked by Chris Kreider.
8:02 of 3rd period - Wrist shot by Jeff Tambellini.
8:02 of 3rd period - Shot Misses the Net.
8:10 of 3rd period - Danny Syvret is hit by Petri Kontiola.
8:20 of 3rd period - Stefan Ruzicka is hit by Danny Syvret and loses puck.
8:37 of 3rd period - Off-side.
8:38 of 3rd period - Alex Killorn wins face-off versus Kris Beech in neutral zone.
8:41 of 3rd period - Slapshot by Peter Olvecky.
8:41 of 3rd period - Stopped by Todd Ford without a rebound.
8:42 of 3rd period - Alex Killorn wins face-off versus Kris Beech in Ice Dragons zone.
9:05 of 3rd period - Minor Penalty to Kris Beech for Hooking.
9:06 of 3rd period - Petri Kontiola wins face-off versus Shean Donovan in Ice Dragons zone.
9:12 of 3rd period - Slapshot by Stefan Ruzicka.
9:12 of 3rd period - Stopped by Todd Ford with a rebound.
9:14 of 3rd period - Slapshot by Alexandre Picard.
9:14 of 3rd period - Goal by Alexandre Picard - Harfangs : 6 - Ice Dragons : 3.
9:15 of 3rd period - Patrick O'Sullivan wins face-off versus Petri Kontiola in neutral zone.
9:44 of 3rd period - Snap shot by Kyle Palmieri.
9:44 of 3rd period - Stopped by Todd Ford with a rebound.
10:02 of 3rd period - Wrist shot by Craig Smith.
10:02 of 3rd period - Stopped by Todd Ford with a rebound.
10:04 of 3rd period - Wrist shot by Michal Repik.
10:04 of 3rd period - Shot Misses the Net.
10:06 of 3rd period - Wrist shot by Dustin Jeffrey.
10:06 of 3rd period - Harfangs goal is going for a video replay.
10:06 of 3rd period - The goal is good.
10:06 of 3rd period - Goal by Dustin Jeffrey - Harfangs : 7 - Ice Dragons : 3.
10:07 of 3rd period - Patrick O'Sullivan wins face-off versus Petri Kontiola in neutral zone.
10:17 of 3rd period - Slapshot by Stefan Ruzicka.
10:17 of 3rd period - Stopped by Todd Ford with a rebound.
11:00 of 3rd period - Snap shot by Alexandre Picard.
11:00 of 3rd period - Stopped by Todd Ford with a rebound.
11:02 of 3rd period - Slapshot by Tomas Tatar.
11:02 of 3rd period - Stopped by Todd Ford with a rebound.
11:04 of 3rd period - Slapshot by Alexandre Picard.
11:04 of 3rd period - Deflect By Roman Wick.
11:04 of 3rd period - Goal by Roman Wick - Harfangs : 8 - Ice Dragons : 3.
11:05 of 3rd period - Stefan Ruzicka wins face-off versus Patrick O'Sullivan in neutral zone.
11:53 of 3rd period - Kevin Klein is hit by Dustin Jeffrey and loses puck.
12:31 of 3rd period - Alexandre Picard is hit by Danny Syvret and loses puck.
13:38 of 3rd period - Chris Kreider is hit by Bryan Bickell and loses puck.
13:55 of 3rd period - Roman Wick is hit by Kevin Klein and loses puck.
14:23 of 3rd period - Brett Carson is hit by Nigel Dawes and loses puck.
16:13 of 3rd period - Andrew Orpik is hit by Jeff Tambellini.
16:17 of 3rd period - Wrist shot by Alexander Radulov.
16:17 of 3rd period - Stopped by Robin Lehner with a rebound.
16:26 of 3rd period - Icing by Kevin Klein.
16:27 of 3rd period - Petri Kontiola wins face-off versus Patrick O'Sullivan in Ice Dragons zone.
17:22 of 3rd period - Wrist shot by Tomas Tatar.
17:22 of 3rd period - Shot Misses the Net.
17:24 of 3rd period - Backhand shot by James Wisniewski.
17:24 of 3rd period - Shot Blocked by Tyler Eckford.
17:48 of 3rd period - Wrist shot by John Mitchell.
17:48 of 3rd period - Shot Misses the Net.
18:03 of 3rd period - Craig Smith is hit by Samuel Groulx.
18:17 of 3rd period - Jonathan Blum is hit by Tomas Tatar.
18:21 of 3rd period - Drew Shore is hit by Kris Beech and loses puck.
18:40 of 3rd period - Stefan Ruzicka is hit by Mats Zuccarello and loses puck.
18:47 of 3rd period - Stefan Ruzicka is hit by Marc-Antoine Pouliot.
19:51 of 3rd period - Slapshot by James Wisniewski.
19:51 of 3rd period - Stopped by Todd Ford without a rebound.
19:52 of 3rd period - Stefan Ruzicka wins face-off versus Patrick O'Sullivan in Ice Dragons zone.
19:59 of 3rd period - Jonathan Blum is hit by Petri Kontiola and loses puck.
Goals for this period are 5 for Harfangs vs 1 for Ice Dragons.
Shots for this period are 17 for Harfangs vs 13 for Ice Dragons.
Output by the SimonT Hockey Simulator (STHS) for François Prévost -- Original Page W3C XHTML 1.0 Valid